 Dungeon Crawl Stone Soup version 0.30-a0-802-gb92711bcdf (webtiles) character file.

Game seed: 12003334357014094073

1 cheesebisquit the Grave Robber (level 1, 0/14 HPs)
             Began as a Ghoul Necromancer on Feb 24, 2023.
             Slain by a jackal (1 damage)
             ... on level 1 of the Dungeon.
             The game lasted 00:01:02 (26 turns).

cheesebisquit the Grave Robber (Ghoul Necromancer)    Turns: 26, Time: 00:01:03

Health: 0/14       AC:  2    Str: 11    XL:     1   Next: 20%
Magic:  0/2        EV: 12    Int: 10    God:
Gold:   0          SH:  0    Dex:  9    Spells: 2/3 levels left

rFire   . . .      SeeInvis .    (no weapon)
rCold   + . .      Faith    .    (no shield)
rNeg    + + +      Spirit   .    a - +0 robe
rPois   ∞          Reflect  .    (no helmet)
rElec   .          Harm     .    (no cloak)
rCorr   .          Rampage  .    (no gloves)
Will    .....                    (no boots)
Stlth   ++                       (no amulet)
HPRegen 0.00/turn                (no ring)
MPRegen 0.08/turn                (no ring)

@: very slightly contaminated, inhibited regen
A: claws 1, cold resistance 1, negative energy resistance 3, inhibited
regeneration, torment resistance 2, devour on kill
a: no special abilities


You were on level 1 of the Dungeon.
You visited 1 branch of the dungeon, and saw 1 of its levels.

Inventory:

Armour
 a - a +0 robe (worn)


   Skills:
 + Level 0.0 Fighting
 - Level 1.7 Dodging
 + Level 2.2 Stealth
 + Level 0.0 Unarmed Combat
 + Level 1.7 Spellcasting
 + Level 4.0 Necromancy


You had 2 spell levels left.
You knew the following spells:

 Your Spells              Type           Power      Damage    Failure   Level
a - Necrotise             Necr           32%        1d5       6%          1

Your spell library contained the following spells:

 Spells                   Type           Power      Damage    Failure   Level
 Vampiric Draining        Necr           8%         2d6       19%         3
 Animate Dead             Necr           8%         N/A       52%         4
 Agony                    Necr           8%         N/A       86%         5


Dungeon Overview and Level Annotations

Branches:
Dungeon (1/15)

Altars:


Innate Abilities, Weirdness & Mutations

You are immune to poison.
You have sharp fingernails.
Your flesh is cold resistant. (rC+)
You are immune to negative energy. (rN+++)
You do not regenerate when monsters are visible.
You are immune to unholy pain and torment.
You thrive by killing the living.


Message History

A jackal comes into view.
The jackal writhes in agony.
The jackal barks!
The jackal pauses to sniff the ground.
You are out of magic!
The jackal bites you.
You barely miss the jackal.
The jackal is severely wounded.
The jackal bites you. Magic courses through your body. The jackal bites you. x3
You are too injured to fight recklessly!
Aiming: Necrotise (safe; 6% risk of failure)
Press: ? - help, Q - select action Shift-Dir - straight line, f/p - jackal
Aim: a jackal (severely wounded, chance to affect: 75%)
You miscast Necrotise.
You are very lightly contaminated with residual magic.
Nothing appears to happen.
The jackal bites you but does no damage.
A jackal comes into view.
The jackal barely misses you. x2
Aiming: Necrotise (safe; 6% risk of failure)
Press: ? - help, Q - select action Shift-Dir - straight line, f/p - jackal
Aim: a jackal (severely wounded, chance to affect: 75%)
The jackal writhes in agony.
You kill the jackal!
You feel better.
The dead are walking!
The jackal misses you. The jackal barely misses you.
You barely miss the jackal. The jackal barely misses you. x2
Your jackal skeleton closely misses the jackal.
The jackal barely misses you. x2
You scratch the jackal but do no damage.
The jackal closely misses you. The jackal bites you.
* * * LOW HITPOINT WARNING * * *
Your jackal skeleton barely misses the jackal.
The jackal attacks as you move away! The jackal bites you.
* * * LOW HITPOINT WARNING * * *
Your jackal skeleton bites the jackal but does no damage.
Your jackal skeleton bites the jackal but does no damage.
The jackal bites you.
You die...

### ... (.## ####...##
#########...=...#
###[####......@.......#
..............#hh#.##..
..##+#'#+##..#h.#
###.#.#.###...Z#
##⌠.P.P.⌠####.......
##.......## #..####.
##...<...## ...#
########### ...#
##♣..>..♣####..#


You could see 3 jackals and a friendly jackal skeleton.

Vanquished Creatures
  A jackal (D:1)
1 creature vanquished.

Notes
Turn   | Place    | Note
-------+----------+-------------------------------------------
     0 | D:1      | cheesebisquit the Ghoul Necromancer began the quest for the
                  | Orb.
     0 | D:1      | Reached XP level 1. HP: 14/14 MP: 2/2
    26 | D:1      | Slain by a jackal

Illustrated notes

Levels and vault maps discovered:
D:1:      spicycebolla_arrival_ecumenical, layout_loops_ring, st_stairs_8

Action                     || total
---------------------------++-------
  Melee: Unarmed           ||     3
   Cast: Necrotise         ||     3
    Use: Potion            ||     1
 Armour: Robe              ||     1
  Dodge: Dodged            ||     9

Table legend: (Time is in decaauts)
 A = Elapsed time spent in this place.
 B = Non-inter-level travel time spent in this place.
 C = Inter-level travel time spent in this place.
 D = Time resting spent in this place.
 E = Time spent auto-exploring this place.
 F = Levels seen in this place.
 G = Mean time per level.
                   A        B        C        D        E       F      G
               +--------+--------+--------+--------+--------+-----+--------+
         Total |     26 |     26 |      0 |      0 |     11 |   1 |   26.0 |
       Dungeon |     26 |     26 |      0 |      0 |     11 |   1 |   26.0 |
               +--------+--------+--------+--------+--------+-----+--------+

Top non-repeatable levels by time:
     D:1: 26 daAuts
